 Dungeon Crawl Stone Soup version 0.21.1-1-g345015fe64 (webtiles) character file.

30511 Peloso the Peltast (level 13, 0/113 HPs)
             Began as a Minotaur Fighter on July 11, 2018.
             Was the Champion of Okawaru.
             Slain by a five-headed hydra (6 damage)
             ... on level 3 of the Lair of Beasts.
             The game lasted 00:49:33 (16570 turns).

Peloso the Peltast (Minotaur Fighter)              Turns: 16570, Time: 00:49:33

Health: 0/113      AC: 20    Str: 24    XL:     13   Next: 21%
Magic:  13/13      EV: 11    Int:  5    God:    Okawaru [******]
Gold:   937        SH: 16    Dex: 16    Spells: 12/12 levels left

rFire    + . .     SeeInvis .   a - +6 falchion of Bedaq {flame, rF+ rC- Dex+4}
rCold    x . .     Gourm    .   c - +1 shield {rPois}
rNeg     . . .     Faith    +   g - +2 chain mail {MR+}
rPois    +         Spirit   .   (helmet restricted)
rElec    .         Reflect  .   G - +0 cloak
rCorr    .         Harm     .   y - +0 pair of gloves
MR       +....                  J - +2 pair of boots
Stlth    ..........             p - amulet of faith
HPRegen  0.28/turn              (no ring)
MPRegen  0.13/turn              (no ring)

@: no status effects
A: retaliatory headbutt, horns 2
a: Heroism, Finesse, Renounce Religion


You were on level 3 of the Lair of Beasts.
You worshipped Okawaru.
Okawaru was exalted by your worship.
You were not hungry.

You visited 3 branches of the dungeon, and saw 16 of its levels.
You also visited: Bailey.

You collected 937 gold pieces.

Inventory:

Hand Weapons
 a - the +6 falchion of Bedaq (weapon) {flame, rF+ rC- Dex+4}
   (Okawaru gifted it to you on level 1 of the Lair of Beasts)

   It has been specially enchanted to burn those struck by it, causing extra
   injury to most foes and up to half again as much damage against particularly
   susceptible opponents.
   Big, fiery blades are also staple armaments of hydra-hunters.
   It affects your dexterity (+4).
   It protects you from fire.
   It makes you vulnerable to cold.
 m - the +3 dagger of Reinforcement {vamp, rC- Int+4 Dex+2, unknown}
   (You found it on level 5 of the Dungeon)

   It inflicts no extra harm, but heals its wielder when it wounds a living foe.
   It affects your intelligence (+4).
   It affects your dexterity (+2).
   It makes you vulnerable to cold.
Armour
 c - a +1 shield of poison resistance (worn)
 g - a +2 chain mail of magic resistance (worn)
 y - a +0 pair of gloves (worn)
 G - a +0 cloak (worn)
 J - a +2 pair of boots (worn)
Jewellery
 e - an uncursed ring of protection from fire
 p - an amulet of faith (around neck)
 w - an uncursed ring of flight
 E - an uncursed ring of protection from fire
 U - an uncursed ring of protection from magic
Scrolls
 b - a scroll of fog
 j - 5 scrolls of teleportation
 k - a scroll of magic mapping
 l - a scroll of torment {unknown}
 o - a scroll of amnesia {unknown}
 s - a scroll of identify
 u - 2 scrolls of fear
 B - 2 scrolls of brand weapon {unknown}
 I - a scroll of blinking
 K - a scroll of silence {unknown}
 L - a scroll of acquirement {unknown}
 O - 3 scrolls of remove curse
Potions
 d - 5 potions of might
 h - 9 potions of haste
 i - 8 potions of curing
 n - 5 potions of heal wounds
 r - 2 potions of mutation
 x - 2 potions of berserk rage
 M - 3 potions of flight {unknown}
 N - a potion of agility
 Q - a potion of experience
 X - a potion of invisibility {unknown}
Books
 q - a book of Changes

   Spells                             Type                      Level
   a - Beastly Appendage              Transmutation                1
   b - Sticks to Snakes               Transmutation                2
   c - Spider Form                    Transmutation/Poison         3
   d - Ice Form                       Ice/Transmutation            4
   e - Blade Hands                    Transmutation                5
Comestibles
 f - 24 rations
 t - 2 chunks of flesh


   Skills:
 + Level 9.8 Fighting
 + Level 14.0 Long Blades
 + Level 11.5 Armour
 + Level 5.0 Dodging
 + Level 1.8 Stealth
 + Level 16.0 Shields
 + Level 2.3 Invocations
 + Level 2.2 Evocations


You had 12 spell levels left.
You didn't know any spells.

Dungeon Overview and Level Annotations

Branches:
Dungeon (12/15)            Temple (1/1) D:6            Lair (3/6) D:8
  Snake (0/4) Lair:2          Orc (0/2) D:10
  Swamp: Lair:2-4    Shoals: Lair:2-4

Altars:
Cheibriados
Dithmenos
Fedhas
Gozag
Kikubaaqudgha
Makhleb
Nemelex Xobeh
Okawaru
Qazlal
Sif Muna
Trog
Uskayaw
Vehumet
Wu Jian
Xom
Zin

Shops:
D:4 }

Annotations:
D:12 1 runed door


Innate Abilities, Weirdness & Mutations

You reflexively headbutt those who attack you in melee.
You have a pair of horns on your head.


Message History

You block the wolf's attack. The death yak barely misses you.
The death yak gores you!!
* * * LOW HITPOINT WARNING * * *
Unknown command.
You barely miss the death yak. Your headbutt misses the death yak.
The death yak is severely wounded.
The wolf misses you.
You block the five-headed hydra's attack. x2
The five-headed hydra bites you but does no damage. x3
Unknown command.
Your chain mail prevents you from hitting the death yak.
The death yak is severely wounded.
You block the wolf's attack. The death yak closely misses you.
You furiously retaliate!
You headbutt the death yak. The death yak gores you!!
* * * LOW HITPOINT WARNING * * *
The five-headed hydra bites you.
* * * LOW HITPOINT WARNING * * *
You block the five-headed hydra's attack.
The five-headed hydra bites you.
You die...

#P##............. ...
#....######..# ...
#....## ##. ... ##.....#
... #P.....## ...
##......# ... #......#..
#YY........ #@Y..#...#.#
#P.hYD..#.?.#
.......h...###...
............. .>..
.................. .
........................
............[.. ........
.######........ .......
......


You could see 4 death yaks, a five-headed hydra and 2 wolves.

Vanquished Creatures
  An orc warlord (Bailey)
  Nessos (D:12)
  Azrael (D:12)
  Harold (Lair:2)
  2 hydras
  Erica (Lair:1)
  4 two-headed ogres
  An unseen horror (D:10)
  A wolf spider zombie (D:12)
  2 ugly things
  2 cyclopes (D:12)
  Maurice (D:8)
  Psyche (D:8)
  A spiny frog (Lair:1)
  3 komodo dragons
  2 trolls
  A polar bear (Lair:3)
  Grinder (D:4)
  3 hippogriffs
  4 slime creatures (D:9)
  2 dream sheep (D:7)
  Sigmund (D:4)
  2 wyverns (D:12)
  18 yaks
  2 steam dragons
  4 hungry ghosts
  4 fire elementals (D:12)
  Grum (D:8)
  A basilisk (Lair:2)
  2 two-headed ogre zombies (D:10)
  4 hell hounds (D:12)
  3 water moccasins
  4 porcupines
  8 orc warriors
  7 phantoms
  2 ice beasts
  2 sky beasts
  5 ogres
  The ghost of SlightEye the Skirmisher, an amateur DsAK of Lugonu (D:3)
  3 necrophages
  3 black bears
  15 wolves
  7 centaurs
  3 crocodiles
  3 big kobolds
  13 bullfrogs
  A gnoll sergeant (D:7)
  4 scorpions
  12 wights
  16 killer bees
  3 troll zombies (D:10)
  5 electric eels (D:8)
  2 centaur zombies
  3 bullfrog zombies
  2 crimson imps
  5 hounds
  A jelly (D:6)
  13 orc wizards
  4 orc priests
  2 bullfrog skeletons
  2 centaur skeletons
  An iguana (D:6)
  8 worker ants
  A killer bee zombie (D:6)
  3 ogre zombies (D:10)
  A hound zombie (D:6)
  A hound skeleton (D:11)
  19 gnolls
  11 adders
  3 shadow imps
  An adder zombie (D:8)
  3 adder skeletons
  3 worms
  A dart slug (D:1)
  7 leopard geckos
  31 orcs
  8 giant cockroaches
  7 goblins
  9 hobgoblins
  6 jackals
  2 ball pythons
  11 bats
  7 frilled lizards
  2 goblin skeletons (D:10)
  A goblin zombie (D:10)
  A hobgoblin skeleton (D:10)
  21 kobolds
  2 leopard gecko skeletons
  6 orc skeletons (D:10)
  15 orc zombies (D:10)
  A quokka skeleton (D:4)
  5 rats
427 creatures vanquished.

Vanquished Creatures (others)
  4 slime creatures (D:12)
  2 fungi
6 creatures vanquished.

Grand Total: 433 creatures vanquished

Notes
Turn   | Place    | Note
-------+----------+-------------------------------------------
     0 | D:1      | Peloso the Minotaur Fighter began the quest for the Orb.
     0 | D:1      | Reached XP level 1. HP: 19/19 MP: 0/0
   177 | D:1      | Reached XP level 2. HP: 27/27 MP: 1/1
   231 | D:1      | Reached skill level 4 in Shields
   470 | D:1      | Lost intelligence.
   515 | D:1      | Reached XP level 3. HP: 29/33 MP: 2/2
   757 | D:2      | Found a snail-covered altar of Cheibriados.
   784 | D:2      | Found a radiant altar of Vehumet.
   788 | D:2      | Found an opulent altar of Gozag.
   790 | D:2      | Found a sparkling altar of Nemelex Xobeh.
   891 | D:2      | Reached XP level 4. HP: 29/40 MP: 3/3
   984 | D:2      | Found a deep blue altar of Sif Muna.
  1070 | D:3      | Found a bloodstained altar of Trog.
  1448 | D:3      | Noticed SlightEye's ghost (amateur DsAK)
  1991 | D:3      | Killed SlightEye's ghost
  1991 | D:3      | Reached skill level 5 in Shields
  1991 | D:3      | Reached XP level 5. HP: 13/46 MP: 4/4
  2307 | D:3      | Found a hide-covered altar of Uskayaw.
  2474 | D:3      | Reached skill level 1 in Dodging
  2513 | D:3      | Reached XP level 6. HP: 53/53 MP: 5/5
  2551 | D:3      | Found an ornate altar of the Wu Jian Council.
  2880 | D:4      | Found a blossoming altar of Fedhas.
  2882 | D:4      | Found a stormy altar of Qazlal.
  2924 | D:4      | Noticed Grinder
  2942 | D:4      | Killed Grinder
  2942 | D:4      | Reached skill level 5 in Long Blades
  2942 | D:4      | Reached skill level 6 in Shields
  2942 | D:4      | Reached XP level 7. HP: 53/60 MP: 6/6
  2961 | D:4      | Noticed Sigmund
  2965 | D:4      | Killed Sigmund
  2982 | D:4      | Found Haott's Gadget Shop.
  3187 | D:4      | Reached skill level 5 in Fighting
  3253 | D:4      | Reached skill level 5 in Armour
  3400 | D:5      | Entered Level 5 of the Dungeon
  3400 | D:5      | Found an ancient bone altar of Kikubaaqudgha.
  3500 | D:5      | Got a crystal dagger
  3609 | D:5      | Reached XP level 8. HP: 45/68 MP: 7/7
  4381 | D:6      | Reached skill level 7 in Shields
  4549 | D:6      | Found a staircase to the Ecumenical Temple.
  4558 | Temple   | Entered the Ecumenical Temple
  4564 | Temple   | Became a worshipper of Warmaster Okawaru
  4912 | D:6      | Found a shadowy altar of Dithmenos.
  5462 | D:7      | Reached * piety under Okawaru
  5462 | D:7      | Reached skill level 8 in Shields
  5504 | D:7      | Reached XP level 9. HP: 45/75 MP: 5/8
  5525 | D:7      | Reached skill level 9 in Shields
  5924 | D:7      | Reached ** piety under Okawaru
  5924 | D:7      | Reached skill level 10 in Shields
  6402 | D:7      | Reached skill level 10 in Long Blades
  6724 | D:7      | Reached XP level 10. HP: 75/84 MP: 9/9
  6974 | D:8      | Noticed a three-headed hydra
  6983 | D:8      | Killed a one-headed hydra
  6983 | D:8      | Reached *** piety under Okawaru
  6983 | D:8      | Reached skill level 11 in Shields
  7100 | D:8      | Noticed Maurice
  7133 | D:8      | Killed Maurice
  7133 | D:8      | Reached **** piety under Okawaru
  7209 | D:8      | Noticed a two-headed ogre
  7220 | D:8      | Killed a two-headed ogre
  7220 | D:8      | Reached skill level 12 in Shields
  7294 | D:8      | Reached skill level 1 in Evocations
  7298 | D:8      | Reached skill level 1 in Invocations
  7700 | D:8      | Found a staircase to the Lair.
  7702 | D:8      | Reached ***** piety under Okawaru
  7717 | D:8      | Reached XP level 11. HP: 80/92 MP: 10/10
  7787 | D:8      | Noticed Grum
  8383 | D:8      | Killed Grum
  8390 | D:8      | Received a gift from Okawaru
  8532 | D:8      | Noticed Psyche
  8536 | D:8      | Paralysed by Psyche for 6 turns
  8547 | D:8      | Killed Psyche
  8547 | D:8      | Reached skill level 13 in Shields
  8940 | D:9      | Noticed a purple ugly thing
  8964 | D:9      | Killed a purple ugly thing
  9042 | D:9      | Found a stormy altar of Qazlal.
  9095 | D:9      | Noticed a two-headed ogre
  9119 | D:9      | Killed a two-headed ogre
  9119 | D:9      | Reached skill level 1 in Stealth
  9644 | D:9      | Found a burning altar of Makhleb.
  9693 | D:10     | Entered Level 10 of the Dungeon
  9878 | D:10     | Noticed a two-headed ogre
  9890 | D:10     | Killed a two-headed ogre
 10067 | D:10     | Found a staircase to the Orcish Mines.
 10159 | D:10     | Reached skill level 10 in Armour
 10463 | D:10     | Found a stormy altar of Qazlal.
 10696 | D:10     | Killed an unseen horror
 11079 | D:11     | Noticed a purple ugly thing
 11090 | D:11     | Killed a purple ugly thing
 11311 | D:11     | Noticed a two-headed ogre
 11317 | D:11     | Killed a two-headed ogre
 11317 | D:11     | Reached skill level 14 in Shields
 11468 | D:11     | Reached XP level 12. HP: 95/103 MP: 12/12
 11847 | D:12     | Found a flagged portal.
 11870 | Bailey   | Entered a bailey
 11875 | Bailey   | Noticed an orc warlord
 11981 | Bailey   | Found a runed gate.
 11981 | Bailey   | Found a runed gate.
 11981 | Bailey   | Found a runed gate.
 12174 | Bailey   | Killed an orc warlord
 12174 | Bailey   | Received a gift from Okawaru
 12621 | D:12     | Found a radiant altar of Vehumet.
 12798 | D:12     | Found a runed door.
 12805 | D:12     | Found a glowing silver altar of Zin.
 12805 | D:12     | Noticed an angel
 12872 | D:12     | Noticed Azrael
 12897 | D:12     | Killed Azrael
 12932 | D:12     | Reached skill level 15 in Shields
 12956 | D:12     | Noticed Nessos
 13317 | D:12     | Reached ****** piety under Okawaru
 13532 | D:12     | Killed Nessos
 13818 | Lair:1   | Entered Level 1 of the Lair of Beasts
 13925 | Lair:1   | Received a gift from Okawaru
 13935 | Lair:1   | Got an encrusted falchion {god gift}
 13936 | Lair:1   | Identified the +6 falchion of Bedaq {flame, rF+ rC- Dex+4} (Okawaru gifted it to you on level 1 of the Lair of Beasts)
 14082 | Lair:1   | Noticed Erica
 14095 | Lair:1   | Killed Erica
 14111 | Lair:1   | You fall through a shaft!
 14676 | Lair:2   | Reached XP level 13. HP: 107/111 MP: 13/13
 15032 | Lair:2   | Found a staircase to the Snake Pit.
 15099 | Lair:2   | Noticed Harold
 15114 | Lair:2   | Killed Harold
 16088 | Lair:3   | Received a gift from Okawaru
 16321 | Lair:3   | Found the fabulously ornate robe
 16528 | Lair:3   | Reached skill level 16 in Shields
 16548 | Lair:3   | Reached skill level 5 in Dodging
 16570 | Lair:3   | Slain by a five-headed hydra

Skill      XL: |  1  2  3  4  5  6  7  8  9 10 11 12 13 |
---------------+----------------------------------------+-----
Shields        | 4 5 6 8 10 12 14 15 16 | 16.0
Armour         | 4 5 6 7 8 10 11 | 11.5
Fighting       | 4 5 6 7 8 9 |  9.8
Long Blades    | 3 4 5 7 8 10 11 12 13 14 | 14.0
Dodging        | 1 2 3 4 5 |  5.0
Evocations     | 1 2 |  2.2
Invocations    | 1 2 |  2.3
Stealth        | 1 |  1.8

Action                   |  1- 3 |  4- 6 |  7- 9 | 10-12 | 13-15 || total
-------------------------+-------+-------+-------+-------+-------++-------
Melee: Long sword        |    91 |   153 |   373 |       |       ||   617
       Headbutt          |    12 |    22 |    69 |   261 |    28 ||   392
       Falchion          |       |       |    37 |  1160 |   100 ||  1297
       Scimitar          |       |       |       |    37 |       ||    37
Invok: Heroism           |       |       |     3 |     4 |       ||     7
       Finesse           |       |       |       |     1 |       ||     1
 Abil: Evoke Flight      |       |       |       |     2 |       ||     2
Evoke: Wand              |       |       |     4 |    16 |       ||    20
  Use: Scroll            |     6 |     7 |     5 |    11 |       ||    29
       Potion            |       |       |     1 |     1 |       ||     2
  Eat: Chunk             |       |     7 |    15 |    26 |     6 ||    54
       Ration            |       |       |     2 |     1 |       ||     3
Armor: Scale mail        |    72 |    75 |    95 |       |       ||   242
       Plate armour      |       |       |    64 |   407 |       ||   471
       Chain mail        |       |       |       |    62 |    44 ||   106
Dodge: Dodged            |    50 |    44 |   106 |   263 |    30 ||   493
Block: Shield            |    82 |    86 |   252 |   790 |    69 ||  1279
       Rpst.: Long sword |     8 |    13 |    25 |       |       ||    46
       Falchion          |       |       |     1 |    47 |     6 ||    54
       Scimitar          |       |       |       |     3 |       ||     3
